AoeStats
← Le Duckling

Arabia

509373378Analyzed
3v3 RM · 4d ago on Sep 26, 2026· 37m 11s· 6 players
Game mode
Random Map
Map size
Normal (6 player)
Population
200
Speed
Normal
Resources
Standard
Victory
Conquest
Starting age
Dark Age
Ending age
Imperial Age
RankedLock teamsTeams togetherTeam positionsShared explorationLock speedFull tech treeHidden civsTurbo modeCheats
Victory
Defeat
🇪🇸 Berbers · Spain
1209
+18
🇪🇸 Vikings · Spain
1167
+20
🇪🇸 Persians · Spain
1027
+25
🇦🇷 Varangians · Argentina
1428
-27
🇿🇦 Britons · South Africa
1243
-21
🇹🇼 Magyars · Taiwan
1099
-15
Le Duckling
12:41 Feudal Age
13:02 Horse Collar
13:16 Double-Bit Axe
16:12 Fletching
16:22 Padded Archer Armor
18:24 Loom
19:15 Wheelbarrow
23:52 Castle Age
23:32 Town Watch
24:41 Crossbowman
31:06 Heavy Plow
32:47 Bodkin Arrow
33:08 Leather Archer Armor
34:27 Leather Archer Armor
34:52 Pikeman
35:32 Squires
SP
6:13 Loom
8:44 Feudal Age
10:13 Double-Bit Axe
10:10 Horse Collar
21:32 Castle Age
20:16 Bloodlines
21:09 Scale Barding Armor
21:15 Forging
22:31 Bow Saw
24:01 Husbandry
25:38 Pikeman
30:17 Heavy Plow
31:31 Chain Barding Armor
32:37 Gold Mining
34:17 Squires
34:53 Iron Casting
35:22 Wheelbarrow
35:04 Stone Mining
35:48 Scale Mail Armor
37:08 Fletching
火龍果小隊長
6:05 Loom
11:12 Feudal Age
16:35 Scale Mail Armor
22:34 Castle Age
22:35 Fletching
24:59 Man-at-Arms
36:59 Chain Mail Armor
juliotorralbar
9:59 Feudal Age
9:31 Loom
10:42 Double-Bit Axe
10:50 Horse Collar
14:27 Gold Mining
19:49 Castle Age
18:49 Stone Mining
18:52 Town Watch
19:45 Forging
19:36 Scale Mail Armor
19:31 Arson
19:10 Man-at-Arms
21:21 Town Patrol
21:34 Squires
26:24 Heavy Plow
26:54 Bow Saw
28:29 Iron Casting
28:10 Chain Mail Armor
27:23 Long Swordsman
30:57 Gold Shaft Mining
32:20 Light Cavalry
teomiroteomiro
7:18 Loom
10:05 Feudal Age
10:47 Double-Bit Axe
20:20 Castle Age
19:12 Bloodlines
19:03 Gold Mining
19:02 Horse Collar
21:50 Scale Barding Armor
26:17 Wheelbarrow
27:50 Forging
28:34 Husbandry
28:54 Bow Saw
30:06 Heavy Plow
30:58 Chain Barding Armor
31:05 Town Watch
31:35 Hand Cart
33:45 Stone Mining
34:16 Fletching
36:25 Bodkin Arrow
36:59 Padded Archer Armor
Richar91ing
5:56 Loom
9:05 Feudal Age
10:32 Double-Bit Axe
23:12 Castle Age
21:50 Fletching
24:09 Bloodlines
24:00 Husbandry
24:02 Gold Mining
25:26 Scale Barding Armor
25:33 Forging
31:16 Horse Collar
32:23 Bow Saw
33:58 Chain Barding Armor
35:07 Iron Casting
35:10 Heavy Plow
Connection lost

Rejoining the realm…

Still unreachable

The connection could not be restored.

Session expired

The server has moved on; the page needs a fresh start.